 Dungeon Crawl Stone Soup version 0.25.0-1-g7eea58d2a3 (webtiles) character file.

Game seed: 11239011166003711394

3226 HoaS the Cleaver (level 9, -3/127 HPs)
             Began as a Minotaur Berserker on June 14, 2020.
             Was an Elder of Trog.
             Slain by a killer bee (4 damage)
             ... on level 8 of the Dungeon.
             The game lasted 00:16:22 (6040 turns).

HoaS the Cleaver (Minotaur Berserker)               Turns: 6040, Time: 00:16:23

Health: -3/127     AC: 15    Str: 25    XL:     9   Next: 66%
Magic:  8/8        EV:  7    Int:  4    God:    Trog [****..]
Gold:   546        SH:  0    Dex: 10    Spells: 8/8 levels left

rFire    . . .     SeeInvis .   q - +0 broad axe
rCold    . . .     Gourm    .   (no shield)
rNeg     . . .     Faith    .   y - +0 plate armour
rPois    .         Spirit   .   (helmet restricted)
rElec    .         Reflect  .   (no cloak)
rCorr    .         Harm     .   (no gloves)
MR       ++...                  (no boots)
Stlth    ..........             (no amulet)
HPRegen  1.31/turn              b - +4 ring of protection
MPRegen  0.11/turn              (no ring)

@: berserking (expiring), lethally poisoned (-3 -> -4), regenerating, very quick
A: retaliatory headbutt, horns 2
a: Berserk, Trog's Hand, Brothers in Arms, Renounce Religion


You were on level 8 of the Dungeon.
You worshipped Trog.
Trog was greatly pleased with you.
You were near starving.

You visited 1 branch of the dungeon, and saw 8 of its levels.

You collected 546 gold pieces.

Inventory:

Hand Weapons
 q - a +0 broad axe (weapon)
Armour
 y - a +0 plate armour (worn)
Jewellery
 b - a +4 ring of protection (left hand)
 g - an uncursed amulet of faith
 k - an uncursed ring of flight
 x - an uncursed ring of protection from magic {unknown}
Wands
 o - a wand of random effects (21)
 v - a wand of flame (24)
Scrolls
 j - a scroll of identify
 l - 2 scrolls of enchant weapon
 n - 5 scrolls of teleportation
 p - a scroll of fog
 u - 2 scrolls of remove curse
 A - a scroll of fear
Potions
 a - 2 potions of brilliance {unknown}
 d - 2 potions of flight {unknown}
 e - a potion of cancellation
 f - 2 potions of lignification
 h - 3 potions of haste
 i - a potion of resistance
 m - a potion of berserk rage {unknown}
 r - 6 potions of curing
 s - 3 potions of heal wounds
 t - a potion of magic {unknown}
 w - 2 potions of ambrosia {unknown}
Comestibles
 c - 11 rations


   Skills:
 + Level 10.1 Fighting
 * Level 13.3 Axes
 - Level 2.4 Armour
 - Level 2.1 Dodging


You had 8 spell levels left.
You didn't know any spells.
Your spell library was empty.

Dungeon Overview and Level Annotations

Branches:
Dungeon (8/15)             Temple (0/1) D:6
   Lair: D:8-11

Altars:
Cheibriados
Gozag
Hepliaklqana
Kikubaaqudgha
Trog
Vehumet
Wu Jian
Yredelemnul
The Shining One


Innate Abilities, Weirdness & Mutations

You reflexively headbutt those who attack you in melee.
You have a pair of horns on your head.


Message History

You kill the queen bee!
Trog accepts your kill.
Your Fighting skill increases to level 10!
You feel sick.
The killer bee stings you but does no damage.
You closely miss the killer bee. Your headbutt misses the killer bee.
You slash the jelly!
Your hands burn!
* * * LOW HITPOINT WARNING * * *
You feel sick.
The killer bee stings you but does no damage.
You closely miss the killer bee. Your headbutt misses the killer bee.
You hit the jelly.
Your hands burn!
* * * LOW HITPOINT WARNING * * *
You feel sick.
The killer bee stings you but does no damage.
The jelly hits you but does no damage.
You miss the killer bee. You hit the jelly.
Your hands burn!
* * * LOW HITPOINT WARNING * * *
x2 You feel sick.
The killer bee stings you.
You die...

...##############
................# ##..
...............### ....
#...............# ##
y..####...............# #..
.....................# ..
...........###......#
#.#.#....5##J#.# #......#
#........yy@.#.# ########
#....†....####.############
#.........# #.#..........#
#.........# #.#..........#
.....!###### #.#......≈...#
.##... ###.#....≈≈≈...+
...>. #..............#
####. #.#............# ..
#.#............#


You could see a jelly, 2 killer bees and a crimson imp.

Vanquished Creatures
  A queen bee (D:8)
  Sigmund (D:3)
  2 orc warriors
  An ice beast (D:5)
  3 phantoms
  A necrophage (D:8)
  5 ogres
  A centaur (D:6)
  A crocodile (D:7)
  2 bullfrogs
  A big kobold (D:6)
  2 gnoll sergeants (D:6)
  10 killer bees (D:8)
  A howler monkey (D:6)
  A centaur zombie (D:6)
  A centaur skeleton (D:5)
  A hound (D:6)
  An orc priest (D:4)
  3 gnoll shamans
  6 orc wizards
  4 worker ants
  15 gnolls
  9 adders
  A shadow imp (D:5)
  An ooze (D:1)
  An adder skeleton (D:4)
  2 worms
  2 dart slugs
  A leopard gecko (D:2)
  20 orcs
  11 bats
  6 giant cockroaches
  11 goblins
  15 hobgoblins
  4 jackals (D:4)
  4 quokkas
  3 ball pythons
  5 frilled lizards
  2 jackal skeletons
  13 kobolds
  7 rats
  A spectral orc (D:6)
  2 plants (D:6)
185 creatures vanquished.

Vanquished Creatures (others)
  A shadow imp (D:6)
1 creature vanquished.

Grand Total: 186 creatures vanquished

Notes
Turn   | Place    | Note
-------+----------+-------------------------------------------
     0 | D:1      | HoaS the Minotaur Berserker began the quest for the Orb.
     0 | D:1      | Reached XP level 1. HP: 19/19 MP: 0/0
    47 | D:1      | Reached skill level 4 in Axes
    55 | D:1      | Reached XP level 2. HP: 15/27 MP: 1/1
   412 | D:1      | Reached ** piety under Trog
   433 | D:1      | Reached XP level 3. HP: 33/33 MP: 2/2
   863 | D:2      | Reached skill level 5 in Axes
   934 | D:2      | Reached XP level 4. HP: 38/41 MP: 3/3
   939 | D:2      | Found a snail-covered altar of Cheibriados.
  1211 | D:2      | Found a faded altar of an unknown god.
  1290 | D:2      | Found an ornate altar of the Wu Jian Council.
  1290 | D:2      | Found a bloodstained altar of Trog.
  1295 | D:2      | Found a faded altar of an unknown god.
  1297 | D:2      | Found a faded altar of an unknown god.
  1299 | D:2      | Found an opulent altar of Gozag.
  1766 | D:3      | Noticed Sigmund
  1782 | D:3      | Killed Sigmund
  1782 | D:3      | Reached skill level 5 in Fighting
  1782 | D:3      | Reached skill level 7 in Axes
  1782 | D:3      | Reached XP level 5. HP: 48/48 MP: 4/4
  1782 | D:3      | Reached XP level 6. HP: 56/56 MP: 5/5
  2237 | D:4      | Reached *** piety under Trog
  2641 | D:4      | Found a glowing golden altar of the Shining One.
  3041 | D:5      | Entered Level 5 of the Dungeon
  3127 | D:5      | Reached skill level 8 in Axes
  3127 | D:5      | Reached XP level 7. HP: 48/63 MP: 6/6
  3867 | D:6      | Reached skill level 9 in Axes
  3911 | D:6      | Found a radiant altar of Vehumet.
  3971 | D:6      | Reached XP level 8. HP: 56/73 MP: 7/7
  3995 | D:6      | Reached skill level 10 in Axes
  4251 | D:6      | Found a basalt altar of Yredelemnul.
  4270 | D:6      | Found an ancient bone altar of Kikubaaqudgha.
  4501 | D:6      | Found a staircase to the Ecumenical Temple.
  4595 | D:6      | Reached **** piety under Trog
  4797 | D:6      | Reached skill level 11 in Axes
  5222 | D:7      | Reached XP level 9. HP: 70/82 MP: 8/8
  5400 | D:7      | Found a hazy altar of Hepliaklqana.
  5513 | D:7      | Reached skill level 12 in Axes
  6024 | D:8      | Noticed a queen bee
  6031 | D:8      | Reached skill level 13 in Axes
  6037 | D:8      | Killed a queen bee
  6037 | D:8      | Reached skill level 10 in Fighting
  6039 | D:8      | HP: 5/127 [acid (4)]
  6040 | D:8      | HP: 1/127 [acid (3)]
  6040 | D:8      | Slain by a killer bee

Illustrated notes

Levels and vault maps discovered:
D:1:      heliophobic_arrival_glass_houses, layout_loops_ring, minmay_distorted
D:2:      layout_loops_ring, cheibriados_altar_1,
          chequers_temple_overflow_minitemple,
          chequers_ecumenical_altar_simple_redux
D:3:      layout_rooms, minmay_crystal_room, corner_web_ring, eino_tiny_chamber,
          uniq_sigmund
D:4:      layout_cave_pods, tso_metal_star, grunt_ministairs_7
D:5:      layout_basic, serial_glass, glass_columns_a, glass_columns_a,
          glass_columns_b, glass_columns_a, first_ration
D:6:      kennysheep_housing_project, layout_basic, fiery_altar_vehumet,
          kennysheep_little_box, yredelemnul_forgotten_temple_becter,
          minmay_temple_entry_junction
D:7:      layout_cave_pods, kennysheep_mini_moat, serial_column_ruins,
          column_ruins_open_tiny, column_ruins_grid_1, column_ruins_grid_1,
          column_ruins_corridor_corner, column_ruins_open_tiny
D:8:      layout_basic, serial_shops, shop, david_nohive_1, uniq_pikel

Skill      XL: |  1  2  3  4  5  6  7  8  9 |
---------------+----------------------------+-----
Axes           | 4 5 7 8 9 11 13 | 13.3
Fighting       | 4 5 6 7 8 10 | 10.1
Armour         | |  2.4
Dodging        | |  2.1

Action                   |  1- 3 |  4- 6 |  7- 9 || total
-------------------------+-------+-------+-------++-------
Melee: Hand axe          |    81 |    71 |       ||   152
       Headbutt          |    14 |    16 |    38 ||    68
       Broad axe         |       |    51 |   231 ||   282
Invok: Berserk           |       |     1 |     4 ||     5
       Trog's Hand       |       |       |     2 ||     2
  Use: Scroll            |     7 |     7 |     7 ||    21
 Stab: Sleeping          |     1 |       |       ||     1
  Eat: Chunk             |       |     7 |    13 ||    20
Armor: Animal skin       |     9 |       |       ||     9
       Ring mail         |     3 |       |       ||     3
       Chain mail        |    19 |    74 |    53 ||   146
       Plate armour      |       |       |   148 ||   148
Dodge: Dodged            |    51 |    42 |   102 ||   195
